 Dungeon Crawl Stone Soup version 0.31-a0-198-g2ad674f65e (webtiles) character file.

Game seed: 5308512633319783742

5545 ketsa the Basher (level 11, -4/81 HPs)
             Began as a Human Wanderer on June 25, 2023.
             Was a High Priest of Okawaru.
             Slain by a komodo dragon (16 damage)
             ... on level 1 of the Lair of Beasts.
             The game lasted 00:29:58 (9805 turns).

ketsa the Basher (Human Wanderer)                   Turns: 9805, Time: 00:29:59

Health: -4/81      AC: 14    Str: 16    XL:     11   Next: 2%
Magic:  14/14      EV:  8    Int: 21    God:    Okawaru [*****.]
Gold:   523        SH:  7    Dex: 11    Spells: 10/10 levels left

rFire   x . .        R - +1 morningstar (flame)
rCold   + + .        I - +0 kite shield
rNeg    . . .        y - +0 ice dragon scales
rPois   .            (no helmet)
rElec   .            (no cloak)
rCorr   .            L - +0 pair of gloves
SInv    .            c - +0 pair of boots
Will    .....        n - amulet of the acrobat Stlth
                     D - ring of wizardry
HPRegen 0.33/turn    K - +6 ring of intelligence
MPRegen 0.14/turn

%: acrobat, wizardry (x1)
@: hasted, very quick
A: no striking features
a: Renounce Religion, Heroism, Finesse, Duel


You were on level 1 of the Lair of Beasts.
You worshipped Okawaru.
Okawaru was extremely pleased with you.
You visited 3 branches of the dungeon, and saw 10 of its levels.

You collected 556 gold pieces.
You spent 33 gold pieces at shops.

Inventory:

Hand Weapons
 a - a +0 flail
 r - a +3 whip of freezing
 u - a +0 dire flail of protection
 H - a +1 whip of flaming
 R - a +1 morningstar of flaming (weapon)
Missiles
 j - 8 curare-tipped darts
 k - 70 stones
 w - 4 throwing nets
 P - 8 poisoned darts
Armour
 c - a +0 pair of boots (worn)
 s - the +1 robe "Fuip" {Dex+3 Slay+2 SInv Stlth-}
   (You found it on level 2 of the Dungeon)

   Dex:       It affects your dexterity (+3).
   Slay:      It affects your accuracy & damage with ranged weapons and melee
   (+2).
   SInv:      It lets you see invisible.
   Stlth:     It makes you less stealthy.
 y - +0 ice dragon scales (worn)
 B - a +0 plate armour
 I - a +0 kite shield (worn)
 L - a +0 pair of gloves (worn)
 M - a +2 chain mail of cold resistance
 S - a +0 ring mail of poison resistance
Magical Staves
 i - a staff of cold
Jewellery
 n - an amulet of the acrobat (around neck)
 D - a ring of wizardry (left hand)
 G - a ring of wizardry
 K - a +6 ring of intelligence (right hand)
Wands
 O - a wand of mindburst (5) (quivered)
Scrolls
 e - 2 scrolls of amnesia {unknown}
 g - a scroll of fear {unknown}
 h - 2 scrolls of noise {unknown}
 l - 4 scrolls of fog {unknown}
 m - 3 scrolls of revelation
 p - a scroll of silence {unknown}
 q - a scroll of immolation {unknown}
 C - a scroll of acquirement {unknown}
 J - a scroll of vulnerability {unknown}
 Q - 2 scrolls of enchant armour {unknown}
Potions
 b - a potion of curing
 d - 2 potions of attraction
 f - 2 potions of berserk rage
 o - 2 potions of mutation
 t - a potion of might
 A - a potion of magic
 E - 2 potions of invisibility
 N - 2 potions of enlightenment


   Skills:
 - Level 6.1 Fighting
 + Level 12.0 Maces & Flails
 - Level 8.0 Armour
 - Level 2.0 Dodging
 - Level 1.0 Stealth
 * Level 1.0 Shields
 - Level 2.0 Unarmed Combat
 - Level 4.4 Invocations


You had 10 spell levels left.
You didn't know any spells.
Your spell library contained the following spells:

 Spells                   Type           Power      Damage    Failure   Level
 Kiss of Death            Conj/Necr      0%         2d5       63%         1
 Poisonous Vapours        Pois/Air       0%         N/A       77%         2
 Confusing Touch          Hex            0%         N/A       92%         3
 Mephitic Cloud           Conj/Pois/Air  0%         N/A       92%         3
 Volatile Blastmotes      Fire/Tloc      0%         2d10      92%         3
 Dispel Undead            Necr           0%         3d6       100%        4
 Fulminant Prism          Conj/Hex       0%         3d5       100%        4
 Iskenderun's Mystic Bla  Conj/Tloc      0%         2d3       100%        4
 Freezing Cloud           Conj/Ice/Air   0%         6-21      100%        5
 Lee's Rapid Deconstruct  Erth           0%         3d4*      100%        5
 Chain Lightning          Conj/Air       0%         N/A       100%        9
 Fire Storm               Conj/Fire      0%         5d1       100%        9
 Shatter                  Erth           0%         3d5*      100%        9


Dungeon Overview and Level Annotations

Branches:
Dungeon (8/15)             Temple (1/1) D:4            Lair (1/5) D:8

Altars:
Ashenzari
Cheibriados
Dithmenos
Elyvilon
Fedhas
Gozag
Hepliaklqana
Kikubaaqudgha
Makhleb
Nemelex Xobeh
Okawaru
Qazlal
Ru
Trog
Uskayaw
Vehumet
Xom
Yredelemnul
Zin
The Shining One

Shops:
D:1 :   D:5 !*   D:6 =


Message History

You barely miss the bullfrog.
The bullfrog is heavily wounded.
The bullfrog barely misses you. x2
You closely miss the bullfrog.
The bullfrog is heavily wounded.
The bullfrog closely misses you.
You hit the bullfrog. You burn the bullfrog.
The bullfrog is heavily wounded.
The bullfrog hits you but does no damage.
The bullfrog closely misses you.
You closely miss the bullfrog.
The bullfrog is heavily wounded.
The bullfrog closely misses you.
You thump the bullfrog! You burn the bullfrog.
You kill the bullfrog!
Okawaru accepts your kill.
Your Shields skill increases to level 1!
You barely miss the komodo dragon. The komodo dragon bites you.
You hit the komodo dragon but do no damage.
The komodo dragon bites you but does no damage.
You sock the komodo dragon! You burn the komodo dragon.
The komodo dragon is moderately wounded.
The komodo dragon bites you but does no damage.
You barely miss the komodo dragon.
The komodo dragon is moderately wounded.
The komodo dragon bites you!
You puncture the komodo dragon! You burn the komodo dragon.
The komodo dragon is heavily wounded.
The komodo dragon bites you!!
You barely miss the komodo dragon.
The komodo dragon is heavily wounded.
The komodo dragon bites you but does no damage.
You sock the komodo dragon! You burn the komodo dragon.
The komodo dragon is almost dead.
The komodo dragon bites you!!
* * * LOW HITPOINT WARNING * * *
The komodo dragon bites you!
* * * LOW HITPOINT WARNING * * *
You feel yourself speed up. The komodo dragon bites you!
You die...

##...# ##..##
###..######..##
#.#....##...#.#
##......##...###
#..........###
#..........#
##..........#
#......####l#####
#....### #@#.S..#
###♣♣♣♣~####....#
♣~~~~~P~~...#
~P~~~~~~...##
≈≈≈~~~~~l..#
≈≈≈P~~~~~..###
≈≈~~P~~P.....####
≈≈≈~~~P~....##..######
≈≈≈PPP~~..............


You could see a komodo dragon.

Vanquished Creatures
  A two-headed ogre (D:8)
  Pikel (D:5)
  Maggie (D:8)
  A hornet (D:7)
  Sigmund (D:5)
  A steam dragon (D:7)
  4 water moccasins
  2 black bears
  4 sky beasts
  A centaur (D:6)
  3 ogres
  2 lemures (D:5)
  A kobold brigand (D:7)
  11 bullfrogs
  2 gnoll sergeants
  7 scorpions
  A wight (D:7)
  A howler monkey (D:7)
  2 orc priests
  3 hounds
  2 jellies
  2 gnoll boudas (D:8)
  8 orc wizards
  2 sleepcaps
  5 iguanas
  4 adders
  19 gnolls
  2 white imps
  2 ufetubi
  3 worms
  2 dart slugs
  34 orcs
  11 ball pythons
  3 endoplasms (D:3)
  4 giant cockroaches
  A goblin (D:3)
  6 hobgoblins
  4 jackals (D:1)
  11 kobolds
  6 quokkas
  A bat (D:3)
  5 frilled lizards
  11 rats
198 creatures vanquished.

Vanquished Creatures (others)
  A minotaur (D:1)
  An octopode (D:1)
  A draconian (D:1)
  A merfolk (D:1)
  A spriggan (D:1)
  2 nagas (D:1)
  2 tengu (D:1)
  A mummy (D:1)
  A gnoll (D:8)
  An orc (D:1)
  A kobold (D:1)
  4 tentacles (D:1)
17 creatures vanquished.

Grand Total: 215 creatures vanquished

Notes
Turn   | Place    | Note
-------+----------+-------------------------------------------
     0 | D:1      | ketsa the Human Wanderer began the quest for the Orb.
     0 | D:1      | ketsa set off with the following items: a +0 flail, a
                  | potion of curing, a +0 pair of boots, a potion of
                  | attraction, a +0 robe.
     0 | D:1      | Reached XP level 1. HP: 15/15 MP: 1/1
     0 | D:1      | Noticed a naga
     0 | D:1      | Noticed an octopode
     0 | D:1      | Noticed a tengu
     0 | D:1      | Noticed a tengu
     0 | D:1      | Noticed a kraken
     0 | D:1      | Noticed a naga
     0 | D:1      | Noticed a spriggan
     0 | D:1      | Noticed a merfolk
     0 | D:1      | Noticed a draconian
     0 | D:1      | Noticed a minotaur
     4 | D:1      | Killed a merfolk
     4 | D:1      | Killed a tengu
     7 | D:1      | Killed a naga
     9 | D:1      | Killed a draconian
     9 | D:1      | Killed an octopode
     9 | D:1      | Killed a tengu
    10 | D:1      | Killed a spriggan
    10 | D:1      | Killed a naga
    11 | D:1      | Killed a minotaur
   184 | D:1      | Reached XP level 2. HP: 17/21 MP: 2/2
   234 | D:1      | Found Gong's Vocational Training.
   505 | D:1      | Found a faded altar of an unknown god.
   512 | D:1      | Prayed at the altar of an unknown god.
   512 | D:1      | Became a worshipper of Warmaster Okawaru
   512 | D:1      | Reached * piety under Okawaru
   994 | D:2      | Reached XP level 3. HP: 26/26 MP: 3/3
  1150 | D:2      | Reached skill level 1 in Dodging
  1156 | D:2      | Reached skill level 1 in Armour
  1317 | D:2      | Reached XP level 4. HP: 31/33 MP: 4/4
  1621 | D:2      | Identified the +1 robe "Fuip" {Dex+3 Slay+2 SInv Stlth-}
  1960 | D:3      | Found a shadowy altar of Dithmenos.
  2053 | D:3      | Reached XP level 5. HP: 36/38 MP: 5/5
  2124 | D:3      | Found a basalt altar of Yredelemnul.
  2568 | D:4      | Reached skill level 6 in Maces & Flails
  2673 | D:4      | Reached XP level 6. HP: 22/46 MP: 6/6
  2910 | D:4      | Found a staircase to the Ecumenical Temple.
  2962 | D:4      | Found an iron altar of Okawaru.
  2967 | D:4      | Reached ** piety under Okawaru
  3082 | Temple   | Entered the Ecumenical Temple
  3662 | D:4      | Reached XP level 7. HP: 43/52 MP: 7/7
  4080 | D:5      | Entered Level 5 of the Dungeon
  4097 | D:5      | Noticed a water moccasin
  4111 | D:5      | Killed a water moccasin
  4112 | D:5      | Reached skill level 7 in Maces & Flails
  4358 | D:5      | Noticed Pikel
  4663 | D:5      | Found Hiqeset's Distillery.
  4672 | D:5      | Reached XP level 8. HP: 58/60 MP: 8/8
  4733 | D:5      | Noticed Sigmund
  5091 | D:5      | Killed Pikel
  5091 | D:5      | Reached *** piety under Okawaru
  5092 | D:5      | Reached skill level 8 in Maces & Flails
  5104 | D:5      | Killed Sigmund
  5105 | D:5      | Reached skill level 5 in Fighting
  5105 | D:5      | Reached XP level 9. HP: 58/68 MP: 7/9
  5174 | D:5      | Reached skill level 9 in Maces & Flails
  5177 | D:5      | Found Zin's Purification Station.
  5187 | D:5      | Found a glowing silver altar of Zin.
  5239 | D:5      | Bought a potion of curing for 33 gold pieces
  5326 | D:5      | Reached skill level 5 in Armour
  5472 | D:5      | Reached **** piety under Okawaru
  5580 | D:6      | Found Umuxkua's Jewellery Shop.
  6602 | D:7      | Found a white marble altar of Elyvilon.
  6810 | D:7      | Reached skill level 10 in Maces & Flails
  7328 | D:7      | Reached XP level 10. HP: 68/76 MP: 10/10
  7542 | D:7      | Found an ancient bone altar of Kikubaaqudgha.
  7899 | D:7      | Reached skill level 11 in Maces & Flails
  8137 | D:8      | Noticed Maggie
  8179 | D:8      | Killed Maggie
  8389 | D:8      | Reached ***** piety under Okawaru
  8390 | D:8      | Found a staircase to the Lair.
  8491 | Lair:1   | Entered Level 1 of the Lair of Beasts
  9118 | D:8      | Noticed a two-headed ogre
  9137 | D:8      | Killed a two-headed ogre
  9137 | D:8      | Received a gift from Okawaru
  9138 | D:8      | Reached skill level 12 in Maces & Flails
  9582 | D:8      | Reached XP level 11. HP: 81/81 MP: 14/14
  9798 | Lair:1   | Reached skill level 1 in Shields
  9805 | Lair:1   | Slain by a komodo dragon

Illustrated notes

Levels and vault maps discovered:
D:1:      nicolae_arrival_kraken_aquarium_a, layout_basic,
          serial_co_window_serial, co_window_paths_a,
          co_window_of_opportunity_a, co_window_corner_a, co_window_corner_a,
          co_window_paths_b, co_window_cross_2, co_window_broadway_c,
          co_window_2corner, glass_columns_b, glass_columns_b, glass_columns_b,
          nicolae_ecumenical_snake_handling, nicolae_shop_vocational
D:2:      layout_rooms, serial_glass, glass_columns_a, glass_columns_a,
          serial_bayou_lagoon_a
D:3:      layout_basic, mainiacjoe_overflow_chevrons, lemuel_round_altar,
          minmay_fractal_squares_5
D:4:      layout_layer_cave, okawaru_ov_weapons_minmay,
          minmay_temple_entry_butterflies
D:5:      layout_rooms, zin_purify, serial_shops, nicolae_shop_window_shopping,
          mrwooster_statue_mirror, uniq_pikel, uniq_sigmund
D:6:      layout_loops_ring, serial_shops, shop
D:7:      cheibrodos_helix_gallery, layout_loops_cross,
          mainiacjoe_overflow_six_doors_small, mainiacjoe_overflow_boulevard,
          roderic_roman_lattice, minmay_crystal_room
D:8:      cheibrodos_barr_body, layout_loops_ring, due_lair_maze_entry_diamond,
          nzn_life_drinkers, uniq_maggie
Temple:   eino_narrow_crystal_temple
Lair:1:   beast_lair_carwin_large_4, layout_cave_pods, roderic_batcave,
          st_stairs_6, grunt_megastairs_5, serial_bayou_shore_a

Skill      XL: |  1  2  3  4  5  6  7  8  9 10 11 |
---------------+----------------------------------+-----
Dodging        | 1 2 |  2.0
Armour         | 1 2 3 4 6 8 |  8.0
Fighting       | 2 3 5 6 |  6.1
Maces & Flails | 6 7 8 10 12 | 12.0
Invocations    | 4 |  4.4
Shields        | 1 |  1.0
Stealth        | |  1.0
Unarmed Combat | |  2.0

Action                     |  1- 3 |  4- 6 |  7- 9 | 10-12 || total
---------------------------+-------+-------+-------+-------++-------
  Melee: Flail             |   118 |    25 |       |       ||   143
         Whip              |       |   169 |   390 |   309 ||   868
         Punch             |       |     3 |     9 |    10 ||    22
         Morningstar       |       |       |       |    21 ||    21
  Throw: Dart              |       |       |     4 |     1 ||     5
         Stone             |       |       |     4 |       ||     4
 Invoke: Heroism           |       |       |     4 |     2 ||     6
  Evoke: Wand              |       |       |       |     1 ||     1
    Use: Scroll            |     3 |       |     1 |     7 ||    11
         Potion            |       |       |     1 |     6 ||     7
   Stab: Distracted        |     1 |       |       |       ||     1
         Sleeping          |     1 |       |       |       ||     1
 Armour: Leather armour    |    34 |     5 |       |       ||    39
         Robe              |     4 |    10 |       |       ||    14
         Ring mail         |       |     6 |       |       ||     6
         Ice dragon scales |       |    24 |   141 |    85 ||   250
  Dodge: Dodged            |    71 |    89 |   161 |   113 ||   434
  Block: Kite shield       |       |       |       |     5 ||     5

Table legend: (Time is in decaauts)
 A = Elapsed time spent in this place.
 B = Non-inter-level travel time spent in this place.
 C = Inter-level travel time spent in this place.
 D = Time resting spent in this place.
 E = Time spent auto-exploring this place.
 F = Levels seen in this place.
 G = Mean time per level.
                   A        B        C        D        E       F      G
               +--------+--------+--------+--------+--------+-----+--------+
         Total |   9502 |   9282 |    220 |   2449 |   4360 |  10 |  950.2 |
       Dungeon |   9022 |   8814 |    208 |   2289 |   4114 |   8 | 1127.8 |
        Temple |    203 |    191 |     12 |      0 |    184 |   1 |  203.0 |
          Lair |    275 |    275 |      0 |    160 |     61 |   1 |  275.0 |
               +--------+--------+--------+--------+--------+-----+--------+

Top non-repeatable levels by time:
     D:4: 1660 daAuts
     D:8: 1363 daAuts
     D:7: 1300 daAuts
     D:6: 1091 daAuts
     D:1: 995 daAuts
     D:3: 952 daAuts
     D:5: 948 daAuts
     D:2: 712 daAuts
  Lair:1: 275 daAuts
  Temple: 203 daAuts
